 Dungeon Crawl Stone Soup version 0.24.0-13-gcf9b319 (webtiles) character file.

Game seed: 11383232249112500533, levelgen mode: deterministic

176 shmeve the Skirmisher (level 5, -14/72 HPs)
             Began as a Minotaur Berserker on Apr 10, 2020.
             Was a Priest of Trog.
             Demolished by an orc warrior
             ... wielding a +0 trident
              (18 damage)
             ... on level 3 of the Dungeon.
             The game lasted 00:03:23 (2150 turns).

shmeve the Skirmisher (Minotaur Berserker)          Turns: 2150, Time: 00:03:24

Health: -14/72     AC:  3    Str: 27    XL:     5   Next: 30%
Magic:  4/4        EV: 12    Int:  4    God:    Trog [***...]
Gold:   123        SH:  0    Dex: 10    Spells: 4/4 levels left

rFire    . . .     SeeInvis .   a - +0 hand axe
rCold    . . .     Gourm    .   (no shield)
rNeg     . . .     Faith    .   b - +0 animal skin
rPois    .         Spirit   .   (helmet restricted)
rElec    .         Reflect  .   (no cloak)
rCorr    .         Harm     .   (no gloves)
MR       .....                  n - +0 pair of boots (curse)
Stlth    ..........             (no amulet)
HPRegen  0.22/turn              (no ring)
MPRegen  0.09/turn              (no ring)

@: berserking, very quick
A: retaliatory headbutt, horns 2
a: Berserk, Trog's Hand, Renounce Religion


You were on level 3 of the Dungeon.
You worshipped Trog.
Trog was most pleased with you.
You were very hungry.

You visited 1 branch of the dungeon, and saw 3 of its levels.

You collected 123 gold pieces.

Inventory:

Hand Weapons
 a - a +0 hand axe (weapon)
Missiles
 r - 8 javelins (quivered)
Armour
 b - a +0 animal skin (worn)
 n - a cursed +0 pair of boots (worn)
Jewellery
 k - an uncursed ring of ice
Wands
 l - a wand of acid (11)
Scrolls
 d - a scroll of amnesia {unknown}
 g - 2 scrolls of remove curse {unknown}
 o - a scroll of teleportation {unknown}
 p - a scroll of fear {unknown}
Potions
 e - a potion of berserk rage {unknown}
 f - a potion of degeneration {unknown}
 h - a potion of magic {unknown}
 i - a potion of lignification {unknown}
 m - a potion of curing {unknown}
 q - a potion of might {unknown}
Comestibles
 c - 3 rations
 j - 4 chunks of flesh


   Skills:
 * Level 5.1 Fighting
 * Level 5.0 Axes
 + Level 1.7 Throwing
 + Level 3.1 Armour
 + Level 3.0 Dodging


You had 4 spell levels left.
You didn't know any spells.
Your spell library was empty.

Dungeon Overview and Level Annotations

Branches:
Dungeon (3/15)

Altars:


Innate Abilities, Weirdness & Mutations

You reflexively headbutt those who attack you in melee.
You have a pair of horns on your head.


Message History

You kill the goblin!
Trog accepts your kill.
Trog will now gift you ammunition as you gain piety.
Your Axes skill increases to level 5!
You barely miss the orc warrior.
You headbutt the orc warrior, but do no damage.
The orc warrior is severely wounded.
You hit the orc.
You kill the orc!
Trog accepts your kill.
Your Dodging skill increases to level 3!
The orc warrior closely misses you. You furiously retaliate!
You headbutt the orc warrior, but do no damage.
You hit the orc warrior but do no damage.
The orc warrior is severely wounded.
You hit the orc warrior but do no damage.
You headbutt the orc warrior.
The orc warrior is almost dead.
The orc warrior hits you with a +0 trident!!
You die...

.... # #..## #.....##
#.#....# ####.#..#.#
.^.......# #.)o?.# #.
#@#.# #. #.#).########
#. #.###.......$.
#.####.# ##.######
#...<.## ##.# ##.....##
##.######
####......###.........
#..........#รท#########
#.##.(......##


You could see an orc warrior.

Vanquished Creatures
  Natasha (D:2)
  Robin (D:2)
  5 adders
  2 oozes
  A leopard gecko (D:2)
  4 orcs (D:3)
  A ball python (D:1)
  5 giant cockroaches
  18 goblins
  2 hobgoblins
  8 jackals
  5 kobolds
  3 quokkas (D:2)
  9 bats
  5 frilled lizards
  6 rats
76 creatures vanquished.

Notes
Turn   | Place    | Note
-------+----------+-------------------------------------------
     0 | D:1      | shmeve the Minotaur Berserker began the quest for the Orb.
     0 | D:1      | Reached XP level 1. HP: 19/19 MP: 0/0
   130 | D:1      | Reached XP level 2. HP: 27/27 MP: 1/1
   565 | D:1      | Reached XP level 3. HP: 33/33 MP: 2/2
  1045 | D:2      | Noticed Robin
  1048 | D:2      | Reached skill level 1 in Throwing
  1055 | D:2      | Reached ** piety under Trog
  1056 | D:2      | Killed Robin
  1058 | D:2      | Reached XP level 4. HP: 41/41 MP: 3/3
  1402 | D:2      | Noticed Natasha
  1408 | D:2      | Killed Natasha
  1694 | D:2      | Reached skill level 5 in Fighting
  1694 | D:2      | Reached XP level 5. HP: 37/48 MP: 4/4
  2139 | D:3      | Noticed an orc warrior
  2146 | D:3      | HP: 3/72 [orc/+0 hand axe (3)]
  2147 | D:3      | Reached *** piety under Trog
  2147 | D:3      | Reached skill level 5 in Axes
  2150 | D:3      | Demolished by an orc warrior

Levels and vault maps discovered:
D:1:      erik_arrival_cave_to_civilisation [erik_arrival_cave_to_temple],
          layout_basic
D:2:      layout_basic, first_ration, eino_curves_02, uniq_natasha, uniq_robin
D:3:      layout_loops_ring

Skill      XL: |  1  2  3  4  5 |
---------------+----------------+-----
Axes           | 4 5 |  5.0
Fighting       | 4 5 |  5.1
Throwing       | 1 |  1.7
Armour         | 3 |  3.1
Dodging        | 3 |  3.0

Action                   |  1- 3 |  4- 6 || total
-------------------------+-------+-------++-------
Melee: Hand axe          |    57 |    70 ||   127
       Headbutt          |     8 |    18 ||    26
Invok: Berserk           |     2 |     1 ||     3
 Stab: Sleeping          |     1 |       ||     1
  Eat: Ration            |     1 |       ||     1
       Chunk             |       |     2 ||     2
Armor: Animal skin       |    14 |    24 ||    38
Dodge: Dodged            |    60 |    54 ||   114
